 Dungeon Crawl Stone Soup version 0.17-a0-1942-g46ae386 (webtiles) character file.

52269 shakdrar the Archer (level 14, -8/119 HPs)
             Began as a Centaur Hunter on Sept 30, 2015.
             Was a High Priest of the Shining One.
             Killed from afar by a storm dragon (33 damage)
             ... with a bolt of lightning
             ... on level 13 of the Dungeon.
             The game lasted 02:16:10 (27818 turns).

shakdrar the Archer (Centaur Hunter)               Turns: 27818, Time: 02:16:10

Health: -8/119     AC: 21    Str: 16    XL:     14   Next: 26%
Magic:  21/21      EV: 10    Int: 13    God:    the Shining One [*****.]
Gold:   1414       SH:  0    Dex: 22    Spells: 0 memorised, 13 levels left

rFire  + . .     SeeInvis .     U - +6 longbow (flame)
rCold  . . .     Clarity  .     R - +1 scale mail {MR+}
rNeg   + + .     SustAt   .     (no shield)
rPois  .         Gourm    .     y - +2 helmet {Int+3}
rElec  .         Spirit   .     l - +2 cloak
rCorr  .         Warding  .     A - +0 pair of gloves
rMut   .         Stasis   .     g - +0 centaur barding
MR     ++...                    O - amulet of rage
Stlth  ..........               T - ring of protection from cold
                                j - ring "Ysalemn" {Fire Dex+8}

@: glowing, very quick, very resistant to hostile enchantments, extremely
unstealthy
A: hooves 3, deformed body, speed 2, tough skin 3
a: Divine Shield, Cleansing Flame, Summon Divine Warrior, Renounce Religion,
Evoke Berserk Rage


You were on level 13 of the Dungeon.
You worshipped the Shining One.
The Shining One was extremely pleased with you.
You were not hungry.

You visited 3 branches of the dungeon, and saw 22 of its levels.
You also visited: Sewer.

You collected 1414 gold pieces.

Inventory:

Hand weapons
 p - a +4 short sword of flaming
 u - a +2 great sword of holy wrath
 C - the +1 falchion of Karma {holy, rF+++ Int+6 Dex-3}
   (You found it on level 4 of the Dungeon)

   It has been blessed by the Shining One to cause great damage to the undead
   and demons.
   It affects your intelligence (+6).
   It affects your dexterity (-3).
   It renders you almost immune to fire.
 U - a +6 longbow of flaming (weapon)
Missiles
 G - 129 arrows (quivered)
 W - 22 arrows of dispersal
 X - 10 arrows of frost
Armour
 g - a +0 centaur barding (worn)
 l - a +2 cloak (worn)
 y - a +2 helmet of intelligence (worn)
 A - a +0 pair of gloves (worn)
 R - a +1 scale mail of magic resistance (worn)
Jewellery
 b - a +5 ring of strength
 j - the ring "Ysalemn" (left hand) {Fire Dex+8}
   (You acquired it on level 11 of the Dungeon)

   [ring of fire]

   It enhances your fire magic, and weakens your ice magic.
   It affects your dexterity (+8).
   It protects you from fire.
   It makes you vulnerable to cold.
 m - an uncursed ring of positive energy
 v - an uncursed ring of protection from fire
 I - a +6 ring of dexterity
 L - an uncursed amulet of stasis
 O - an amulet of rage (around neck)
 T - a ring of protection from cold (right hand)
Magical devices
 d - a wand of lightning (0)
 t - a wand of slowing (19)
 z - a wand of flame (33)
 E - a wand of digging (17)
 K - a wand of teleportation (6)
Scrolls
 c - a scroll of identify
 h - 12 scrolls of remove curse
 o - 9 scrolls of teleportation
 H - a scroll of enchant armour
 J - 2 scrolls of magic mapping
 Z - a scroll of blinking
Potions
 q - 2 potions of haste
 r - 3 potions of flight
 s - a potion of cure mutation {unknown}
 x - a potion of brilliance {unknown}
 B - 2 potions of heal wounds
 N - a potion of might
 P - 2 potions of curing
 S - 2 potions of poison {unknown}
 Y - a potion of cancellation {unknown}
Books
 a - a book of Unlife

   Spells                             Type                      Level
   a - Recall                         Summoning/Translocation      3
   b - Animate Dead                   Necromancy                   4
   c - Control Undead                 Necromancy                   4
   d - Cigotuvi's Embrace             Necromancy                   5
   e - Death Channel                  Necromancy                   6
   f - Simulacrum                     Ice/Necromancy               6
   The Shining One disapproves of the use of such an item.
 f - a book of Battle

   Spells                             Type                      Level
   a - Infusion                       Charms                       1
   b - Shroud of Golubria             Charms/Translocation         2
   c - Song of Slaying                Charms                       2
   d - Spectral Weapon                Hexes/Charms                 3
   e - Regeneration                   Charms/Necromancy            3
 M - a book of Geomancy

   Spells                             Type                      Level
   a - Sandblast                      Earth                        1
   b - Stoneskin                      Transmutation/Earth          2
   c - Passwall                       Transmutation/Earth          3
   d - Stone Arrow                    Conjuration/Earth            3
   e - Petrify                        Transmutation/Earth          4
   f - Lee's Rapid Deconstruction     Earth                        5
 Q - a book of Fire

   Spells                             Type                      Level
   a - Ignite Poison                  Fire/Transmutation/Poison    3
   b - Fireball                       Conjuration/Fire             5
   c - Bolt of Fire                   Conjuration/Fire             6
   d - Delayed Fireball               Conjuration/Fire             7
   e - Ring of Flames                 Charms/Fire                  7
Miscellaneous
 k - an ornate deck of wonders
Comestibles
 e - 9 bread rations
 i - 18 fruits
 n - 2 beef jerkies
 D - 3 meat rations


   Skills:
 + Level 9.8 Fighting
 + Level 10.7 Short Blades
 * Level 14.5 Bows
 + Level 6.6 Armour
 - Level 6.9 Dodging
 - Level 0.5 Stealth
 - Level 10.5 Invocations
 - Level 7.0 Evocations


You had 13 spell levels left.
You didn't know any spells.

Dungeon Overview and Level Annotations

Branches:
Dungeon (13/15)            Temple (1/1) D:6            Lair (8/8) D:10
 Shoals (0/4) Lair:3       Spider (0/4) Lair:6        Slime (0/6) Lair:7
    Orc (0/4) D:9
 Vaults: D:13-14

Altars:
Dithmenos
Fedhas
Makhleb
Trog
Vehumet
Xom
Yredelemnul
The Shining One

Shops:
D:9 [

Annotations:
D:6 exclusion: statue
Lair:2 exclusion: oklob plant


Innate Abilities, Weirdness & Mutations

You have hooves in place of feet.
Armour fits poorly on your strangely shaped body.
You cover ground very quickly.
You have extremely tough skin (AC +3).


Message History

w - Wait here. f - Follow me.
Anything else - Stay silent.
Gang up on whom?
Press: ? - help, Dir - move target cursor, f - orc priest
Aim: an orc priest, wielding a mace (haloed) Attack!
The orc priest invokes the aid of Beogh against you.
Something smites you!
* * * LOW HITPOINT WARNING * * *
Unknown command.
Your angel barely misses the orc priest.
Your angel hits the orc priest with a whip of holy wrath!
The orc priest barely misses your angel.
Your angel hits the orc priest with a whip of holy wrath!!
The orc priest dies!
The Shining One accepts your kill.
You start resting.
The storm dragon breathes lightning at you.
The bolt of lightning hits you!
You die...

#.####..#...####
#..#.............)#
#..#..............#
..#..#.####..8......#
..#..#.#......8..####
###..#.}#.#............. #.
..#.#..#.#(.......(....
#..##.#.#..#.####..A#..####
##(.#....#.@#..###...#..###.
.....(...#..#...##...#..##..
#.o.....#..#....#####..#...
#....(#A#..................
......(.D#.A.[##############
.......(.#..../.............
.........#..[.....^.........
###...##.D##################
#... ####


You could see a storm dragon and a friendly angel.

Vanquished Creatures
  Kirke (D:13)
  A dire elephant (Lair:8)
  Snorg (Lair:8)
  8 hydras
  The ghost of PeterLawrence the Basher, an experienced MiFi of Okawaru (D:11)
  3 unseen horrors
  3 hill giants
  The ghost of confidenceinterval the Basher, an experienced GrEE of Ru (Lair:1)
  6 ugly things
  A wizard (Lair:8)
  A griffon (Lair:6)
  2 cyclopes
  3 elephants (Lair:6)
  9 black mambas
  4 molten gargoyles (D:12)
  An eye of devastation (Lair:7)
  A centaur skeleton (D:11)
  11 spiny frogs
  4 komodo dragons
  5 fire drakes
  2 tengu conjurers (D:13)
  2 trolls
  A yaktaur (D:12)
  A polar bear (Lair:6)
  A merfolk (Lair:3)
  Grinder (D:5)
  Prince Ribbit (D:6)
  7 blink frogs
  A trapdoor spider (D:11)
  A deep elf mage (D:13)
  31 yaks
  A spriggan (Lair:6)
  2 wyverns (D:11)
  13 hippogriffs
  A steam dragon (Lair:4)
  A hungry ghost (D:10)
  2 hogs
  10 wolves
  Edmund (D:5)
  17 water moccasins
  A mottled dragon (D:13)
  3 vampire mosquitoes (D:13)
  9 porcupines
  5 orc warriors
  4 black bears
  2 sky beasts
  2 eyes of draining
  16 crocodiles
  4 ice beasts
  8 centaurs
  12 giant frogs
  12 big kobolds
  4 scorpions
  13 killer bees
  A lava snake (D:12)
  3 electric eels
  2 crimson imps
  A centaur zombie (D:10)
  2 hounds
  A quasit (D:6)
  Crazy Yiuf (D:2)
  An orc priest (D:9)
  Ijyb (D:2)
  A giant frog skeleton (D:12)
  6 orc wizards
  11 iguanas
  3 jellies
  7 worker ants
  24 sheep
  2 hound zombies
  2 human simulacra (D:11)
  3 hound skeletons
  Robin (D:3)
  3 gnolls (D:5)
  15 adders
  48 river rats
  5 shadow imps
  12 white imps (Lair:3)
  3 oozes
  A worm (D:2)
  11 giant geckos
  39 orcs
  7 ball pythons
  9 giant cockroaches
  A hobgoblin (D:2)
  30 kobolds
  6 quokkas
  8 bats
  A giant gecko skeleton (D:7)
  A giant gecko zombie (D:7)
  7 giant newts
  14 goblins
  12 jackals
  2 jackal skeletons
  A quokka zombie (D:7)
  32 rats
  A fungus (D:3)
  3 plants (Lair:3)
604 creatures vanquished.

Vanquished Creatures (collateral kills)
  Rupert (D:13)
  A flayed ghost (D:13)
  2 centaurs (D:13)
  An orc priest (D:13)
5 creatures vanquished.

Vanquished Creatures (others)
  3 humans (D:13)
  An eye of draining (D:13)
  A giant frog zombie (D:13)
  11 fungi
  2 plants
18 creatures vanquished.

Grand Total: 627 creatures vanquished

Notes
Turn   | Place    | Note
--------------------------------------------------------------
     0 | D:1      | shakdrar the Centaur Hunter began the quest for the Orb.
     0 | D:1      | Reached XP level 1. HP: 17/17 MP: 1/1
     8 | D:1      | Noticed a centaur
   343 | D:1      | Reached XP level 2. HP: 19/24 MP: 2/2
  1147 | D:1      | Reached XP level 3. HP: 28/30 MP: 3/3
  1303 | D:2      | Reached skill level 6 in Bows
  1380 | D:2      | Found a glowing golden altar of the Shining One.
  1387 | D:2      | Became a worshipper of the Shining One
  1643 | D:2      | Noticed Ijyb
  1656 | D:2      | Killed Ijyb
  1656 | D:2      | Reached XP level 4. HP: 33/37 MP: 2/4
  2045 | D:2      | Noticed Crazy Yiuf
  2099 | D:2      | Killed Crazy Yiuf
  2633 | D:3      | Noticed Robin
  2696 | D:3      | Killed Robin
  2696 | D:3      | Reached XP level 5. HP: 28/45 MP: 3/5
  2859 | D:3      | Found a glowing drain.
  2881 | Sewer    | Entered a sewer
  3030 | Sewer    | Reached skill level 1 in Short Blades
  3094 | Sewer    | Reached skill level 7 in Bows
  3397 | Sewer    | Reached XP level 6. HP: 48/51 MP: 6/6
  3726 | Sewer    | Acquired the Shining One's first power
  4261 | D:3      | Found a bloodstained altar of Trog.
  4779 | D:4      | Got a dazzling trident
  4972 | D:4      | Got a translucent falchion
  5585 | D:5      | Entered Level 5 of the Dungeon
  5621 | D:5      | Noticed Edmund
  5623 | D:5      | Was placed under penance by the Shining One
  5740 | D:5      | Reached XP level 7. HP: 55/58 MP: 7/7
  6372 | D:5      | Noticed Grinder
  6372 | D:5      | Paralysed by Grinder for 5 turns
  6527 | D:6      | Was forgiven by the Shining One
  6776 | D:6      | Reached skill level 8 in Bows
  6799 | D:6      | Found a staircase to the Ecumenical Temple.
  6856 | D:6      | Noticed Prince Ribbit
  7257 | D:5      | Killed Edmund
  7257 | D:5      | Reached skill level 1 in Armour
  7332 | D:5      | Killed Grinder
  7332 | D:5      | Reached XP level 8. HP: 54/67 MP: 6/8
  7730 | D:6      | Found a radiant altar of Vehumet.
  7898 | D:6      | Reached skill level 5 in Fighting
  7898 | D:6      | Reached skill level 5 in Short Blades
  8015 | D:6      | Killed Prince Ribbit
  8570 | D:7      | Reached skill level 9 in Bows
  8699 | D:7      | Acquired the Shining One's second power
  9113 | D:8      | Reached XP level 9. HP: 74/74 MP: 9/9
  9452 | D:8      | Found a shimmering altar of Xom.
  9636 | D:8      | Found a shimmering altar of Xom.
  9769 | D:7      | Identified the +10 trident of Evil {freeze, Int+2 Dex+4 Stlth+} (You found it on level 4 of the Dungeon)
  9770 | D:7      | Identified the +1 falchion of Karma {holy, rF+++ Int+6 Dex-3} (You found it on level 4 of the Dungeon)
 10671 | D:8      | Found a shimmering altar of Xom.
 11364 | D:9      | Found a staircase to the Orcish Mines.
 11638 | D:9      | Found Veikec's Armour Shop.
 11643 | D:9      | Got an opal-encrusted ring mail
 11654 | D:9      | Identified the +2 ring mail of Ikin Nogg {rF+} (You found it on level 9 of the Dungeon)
 11883 | D:9      | HP: 2/78 [orc warrior/scimitar (12)]
 12443 | D:9      | Reached XP level 10. HP: 64/84 MP: 10/10
 12673 | D:10     | Entered Level 10 of the Dungeon
 12690 | D:10     | Noticed a hill giant
 12744 | D:10     | Identified a scroll of acquirement
 12772 | D:10     | Found a staircase to the Lair.
 13241 | D:10     | Killed a hill giant
 13241 | D:10     | Reached skill level 5 in Dodging
 13696 | Temple   | Entered the Ecumenical Temple
 13944 | Lair:1   | Entered Level 1 of the Lair of Beasts
 14014 | Lair:1   | Noticed confidenceinterval's ghost (experienced GrEE)
 14068 | Lair:1   | Killed confidenceinterval's ghost
 14152 | Lair:1   | Noticed an elephant
 14154 | Lair:1   | Noticed an elephant
 14620 | Lair:2   | Reached XP level 11. HP: 81/93 MP: 11/11
 14721 | Lair:2   | Found a radiant altar of Vehumet.
 14721 | Lair:2   | Noticed an oklob plant
 14829 | Lair:2   | Reached skill level 10 in Bows
 15544 | Lair:3   | Reached skill level 5 in Armour
 16156 | Lair:3   | Acquired the Shining One's third power
 16493 | Lair:3   | Reached skill level 11 in Bows
 17027 | Lair:3   | Found a staircase to the Shoals.
 17388 | Lair:4   | Found a shadowy altar of Dithmenos.
 18611 | Lair:5   | Reached skill level 12 in Bows
 18616 | Lair:5   | Reached XP level 12. HP: 67/103 MP: 12/12
 18858 | Lair:5   | Noticed a six-headed hydra
 18872 | Lair:5   | Killed a six-headed hydra
 18998 | Lair:5   | Reached skill level 10 in Short Blades
 19037 | Lair:5   | Noticed a five-headed hydra
 19045 | Lair:5   | Killed a five-headed hydra
 19379 | Lair:6   | Reached skill level 1 in Evocations
 19698 | Lair:6   | Noticed a four-headed hydra
 19717 | Lair:6   | Killed a four-headed hydra
 20069 | Lair:6   | Found a hole to the Spider Nest.
 20266 | Lair:6   | Reached skill level 5 in Evocations
 20455 | Lair:7   | Noticed a six-headed hydra
 20463 | Lair:7   | Killed a six-headed hydra
 20580 | Lair:7   | Reached skill level 1 in Invocations
 21041 | Lair:7   | Acquired the Shining One's fourth power
 21230 | Lair:7   | Reached skill level 5 in Invocations
 21297 | Lair:7   | Found a staircase to the Slime Pits.
 21345 | Lair:7   | Reached XP level 13. HP: 110/110 MP: 13/18
 21358 | Lair:7   | Noticed a five-headed hydra
 21360 | Lair:7   | Killed a five-headed hydra
 21569 | Lair:8   | Entered Level 8 of the Lair of Beasts
 22137 | Lair:8   | Noticed a dire elephant
 22258 | Lair:8   | Killed a dire elephant
 22441 | Lair:8   | Noticed Snorg
 22467 | Lair:8   | Killed Snorg
 22584 | Lair:8   | Found a burning altar of Makhleb.
 22841 | Lair:5   | Reached skill level 10 in Invocations
 23544 | D:10     | Noticed an unseen horror
 23546 | D:10     | Killed an unseen horror
 23831 | D:10     | Found a blossoming altar of Fedhas.
 23904 | D:11     | Got a scintillating golden ring
 23906 | D:11     | Identified the ring "Ysalemn" {Fire Dex+8} (You acquired it on level 11 of the Dungeon)
 23943 | D:11     | Noticed PeterLawrence's ghost (experienced MiFi)
 24027 | D:11     | Killed PeterLawrence's ghost
 24475 | D:11     | Reached skill level 13 in Bows
 26380 | D:13     | Reached XP level 14. HP: 118/118 MP: 21/21
 26450 | D:13     | Noticed Kirke
 26612 | D:13     | Killed Kirke
 26612 | D:13     | Reached skill level 14 in Bows
 27749 | D:13     | Noticed Rupert
 27763 | D:13     | Killed Rupert
 27785 | D:13     | Noticed a storm dragon
 27818 | D:13     | Killed from afar by a storm dragon

Vault maps used:
D:1:      evilmike_arrival_come_back
D:2:      nicolae_tso_swordbearing_angel, first_bread, uniq_crazy_yiuf_cottage,
          uniq_iyjb
D:3:      portal_sewer_entry_c, minmay_gold_behind_fungi, trog_butcher_becter,
          uniq_robin
D:5:      uniq_edmund, uniq_grinder
D:6:      vehumet_statue, uniq_prince_ribbit1
D:8:      xom_redecorated, special_room
D:9:      serial_shops, shop
D:10:     lair_0_dummy, hangedman_tree_tricks
D:11:     bh_circular_ruins
D:12:     minivault_8
D:13:     minmay_containers, erik_vaults_1, minmay_misc_feat_more_columns,
          uniq_rupert, uniq_kirke, uniq_frances
Temple:   nicolae_temple_elliptical
Lair:1:   mu_elephants_graveyard
Lair:2:   lemuel_oklob_altar, bh_autumn_forest_stairs, grunt_megastairs_2,
          lemuel_fruit_tree
Lair:3:   boulder_dual_corridor_run, elwin_shoals_entry_rooms,
          portal_ice_cave_entry_imps, fungi_pond_lemuel, wad_woods_03,
          infiniplex_staircase_pool_2
Lair:4:   basic_altar, serial_bayou_shore_b, serial_bayou_shore_b
Lair:5:   beast_lair_carwin_large_2, st_stairs_4
Lair:6:   spider_nest_entry_web_field, forest_entry_grove, serial_bayou_shore_b,
          serial_bayou_shore_b, serial_bayou_shore_a
Lair:7:   minmay_slime_entry_eyes, minivault_19, st_stairs_9,
          serial_bayou_shore_b
Lair:8:   evil_forest, uniq_snorg
Sewer:    sewer_minmay_treatment

Action                   |  1- 3 |  4- 6 |  7- 9 | 10-12 | 13-15 || total
-------------------------+-------+-------+-------+-------+-------++-------
Melee: Whip              |    92 |       |       |       |       ||    92
       Short sword       |     3 |       |   115 |   517 |    85 ||   720
       Rapier            |       |   301 |   455 |       |       ||   756
       Falchion          |       |       |    19 |    74 |     7 ||   100
 Fire: Shortbow          |    73 |   100 |    83 |       |       ||   256
       Longbow           |       |       |       |   467 |   375 ||   842
Invok: Summon Divine War |       |       |       |       |     2 ||     2
 Abil: Evoke Berserk Rag |       |       |       |       |     1 ||     1
Evoke: Wand              |       |       |       |     1 |     3 ||     4
  Use: Scroll            |     6 |     4 |       |    25 |     7 ||    42
       Potion            |       |     1 |     3 |     7 |     3 ||    14
  Eat: Chunk             |     1 |    11 |    13 |    18 |     9 ||    52
       Royal jelly       |       |       |     1 |       |       ||     1
       Pizza             |       |       |     2 |       |       ||     2
       Beef jerky        |       |       |     1 |     1 |     1 ||     3
       Fruit             |       |       |       |     3 |       ||     3
       Meat ration       |       |       |       |     1 |       ||     1
       Bread ration      |       |       |       |       |     2 ||     2
